cohdb
Replays
Latest Replays
All Replays
Popular Replays
Top Player Replays
Match Explorer
How It Works
Community
CoH3 Stats
Reddit
Sign in to upload your games and track your stats! →
Sign in with Steam
Match 44359860
Unlisted
Match 44359860
Overview
Messages
Build Orders
End
Pioneer Squad
Construct Infanterie Kompanie
Selects Breakthrough Battlegroup
Selects Assault Grenadiers
Grenadier Squad
Grenadier Squad
MG 42 Machine Gun Team
Grenadier Squad
Construct Luftwaffe Kompanie
Selects Rapid Production
221 Scout Car
Jäger Squad
Selects Breakthrough
Medical Bunker
Selects Mechanized Assault Group
Selects Mechanized Assault Group
Mechanized Assault Group
Construct Panzer Kompanie
Panzer IV Medium Tank
咚咚锵个腿
Evilstealer
0
0
Comments
sign in to comment!
No comments posted yet!